Coyotes vs Sabres (R1)

Created - 21 octobre 2015 at 22:59

Goals
1 2 3 OT1 SO T
Coyotes 1 2 1 0 1 5
Sabres 2 0 2 0 0 4
Shots
1 2 3 OT1 SO T
Coyotes 6 5 11 0 3 22
Sabres 8 14 9 1 3 32

1st period

1. Coyotes , Erik Christensen 3 (Erik Cole) at 4:05
2. Sabres , Greg Campbell 3 (Antoine Roussel, Jay McKee) at 8:32
3. Sabres , Adam Mair 1 (Daniel Cleary) at 17:45

Penalties :
Éric Belanger (Ari) for Roughing (Minor) at 1:05, Erik Cole (Ari) for Hooking (Minor) at 10:49

2nd period

4. Coyotes , Marian Gaborik 6 (Matt Taormina) at 13:34
5. Coyotes , Georges Laraque 2 (Anton Stralman, Erik Christensen) at 17:19

Penalties :
Adrian Aucoin (Ari) for Hooking (Minor) at 1:26, Matt Taormina (Ari) for Hooking (Minor) at 10:35, Greg Campbell (Buf) for Interference (Minor) at 17:47

3rd period

6. Sabres , Daniel Cleary 2 (Adam Mair) at 0:30
7. Coyotes , Erik Christensen 4 (Erik Cole, Adrian Aucoin) at 2:38
8. Sabres , Niclas Bergfors 4 (Antoine Roussel, Sam Gagner) at 9:04 (PP)

Penalties :
Adrian Aucoin (Ari) for Interference (Minor) at 7:52, Erik Christensen (Ari) for Holding (Minor) at 11:18, Nathan Paetsch (Buf) for Hooking (Minor) at 14:17

Overtime #1

No Goal

Penalties :
No Penalty

Shootout

Penalty Shot by Tyler Ennis for Coyotes - Stopped by Roberto Luongo
Penalty Shot by Steve Downie for Sabres - Stopped by Ryan Miller
Penalty Shot by Marian Gaborik for Coyotes - Stopped by Roberto Luongo
Penalty Shot by Niclas Bergfors for Sabres - Shot Misses the Net
Penalty Shot by Tim Connolly for Coyotes - Goal!
Penalty Shot by Antoine Roussel for Sabres - Shot Misses the Net

Penalties :
No Penalty

Goalie Stats

Ryan Miller (Ari), 28 saves from 32 shots - (0,875), W, 5-3-0, 65:00 minutes
Roberto Luongo (Buf), 18 saves from 22 shots - (0,818), OTL, 1-1-1, 65:00 minutes

Players Stats for Coyotes

Player Name              G  A  P  +/- PIM S  H  SB GA TA FO     MP     PP MP  PK MP  
------------------------------------------------------------------------------------
Adrian Aucoin            0  1  1   1  4   0  0  0  1  2  0/0    16:17   0:00   1:06 
Anton Stralman           0  1  1   1  0   2  1  3  2  1  0/0    23:34   1:32   6:11 
Brendon Nash             0  0  0   2  0   0  1  0  0  1  0/0    12:16   0:00   0:00 
Denis Grebeshkov         0  0  0  -2  0   1  2  2  0  1  0/0    29:43   2:26   6:11 
Drew Miller              0  0  0  -1  0   3  1  3  1  1  4/11   22:35   2:06   6:08 
Éric Belanger            0  0  0   0  2   1  0  0  0  0  2/5     9:21   0:00   2:28 
Erik Christensen         2  1  3   3  2   3  2  0  0  0  4/7    11:15   0:05   0:10 
Erik Cole                0  2  2   3  2   3  2  0  1  0  2/3    17:11   0:05   5:01 
Georges Laraque          1  0  1   3  0   1  1  0  0  1  1/1    11:15   0:05   0:00 
Jan Hlavac               0  0  0   0  0   1  1  1  0  0  0/0    10:52   0:00   4:45 
Jonathan Tremblay        0  0  0   0  0   0  0  1  0  0  0/0     6:07   0:00   0:00 
Marian Gaborik           1  0  1  -1  0   2  3  0  0  1  0/0    19:29   2:06   0:00 
Matt Taormina            0  1  1   2  2   1  1  1  1  0  0/0    19:38   1:32   4:02 
Nazem Kadri              0  0  0  -1  0   1  3  0  0  0  4/10   17:39   1:47   2:21 
Sergei Shirokov          0  0  0  -1  0   1  2  0  3  1  0/0    15:27   1:47   0:00 
Tim Connolly             0  0  0  -1  0   2  2  1  1  0  16/27  19:09   2:06   0:00 
Tyler Ennis              0  0  0  -1  0   0  1  0  0  0  0/1    18:09   1:47   1:09 
Wade Redden              0  0  0  -2  0   0  0  0  0  1  0/0    28:50   2:26   4:56 

Players Stats for Sabres

Player Name              G  A  P  +/- PIM S  H  SB GA TA FO     MP     PP MP  PK MP  
------------------------------------------------------------------------------------
Adam Mair                1  1  2   0  0   1  3  0  1  0  4/7    11:54   0:00   2:05 
Antoine Roussel          0  2  2  -1  0   2  2  0  1  0  1/1    21:20   5:34   0:00 
Daniel Cleary            1  1  2   0  0   2  1  0  1  0  0/0    12:11   0:06   1:50 
Greg Campbell            1  0  1  -1  2   3  3  1  0  0  11/26  20:25   5:27   0:56 
Jay McKee                0  1  1   2  0   0  1  2  0  3  0/0    27:53   5:58   2:13 
Johnny Boychuk           0  0  0   1  0   0  1  1  0  2  0/0    26:50   5:09   2:13 
Jonas Hoglund            0  0  0   0  0   2  2  1  1  0  1/1    10:57   0:06   0:00 
Joni Pitkanen            0  0  0  -3  0   2  0  1  0  1  0/0    26:34   5:09   1:45 
Michael Rupp             0  0  0   0  0   1  2  0  1  1  1/2    12:13   0:06   0:08 
Mike Fisher              0  0  0   0  0   3  0  0  1  0  4/6    10:37   0:00   0:00 
Mike Leclerc             0  0  0   0  0   0  1  1  0  0  0/0    11:47   0:00   2:00 
Nathan Paetsch           0  0  0   0  2   0  0  0  0  0  0/0    10:42   0:00   0:00 
Niclas Bergfors          1  0  1   0  0   5  0  1  0  1  2/5    18:39   5:34   0:00 
Ole-Kristian Tollefsen   0  0  0  -2  0   0  2  0  2  2  0/0    27:27   5:58   1:45 
Ryan Hollweg             0  0  0   0  0   5  0  0  0  0  0/0    16:39   5:27   0:00 
Sam Gagner               0  1  1   0  0   0  2  1  0  0  4/11   16:38   5:34   0:00 
Steve Downie             0  0  0  -1  0   5  5  2  2  0  4/6    22:41   5:27   0:57 
Tyler Sloan              0  0  0   0  0   1  1  0  0  0  0/0    10:33   0:00   0:00 

3 Stars

1 - Erik Christensen (Ari)
2 - Adam Mair (Buf)
3 - Georges Laraque (Ari)

Power Play

Coyotes - 0 on 2 Attempt(s) - 0,00%
Sabres - 1 on 6 Attempt(s) - 16,67%

Penalty Kill

Coyotes - 5 on 6 Attempt(s) - 83,33% - Score 0 goal in Penalty Kill
Sabres - 2 on 2 Attempt(s) - 100,00% - Score 0 goal in Penalty Kill

Team Stat

Coyotes - Hits : 23 - Faceoff Wins : 33 - Blocked Shots : 12 - Penalty Minutes : 12
Sabres - Hits : 26 - Faceoff Wins : 32 - Blocked Shots : 11 - Penalty Minutes : 4

Official

Referees : Pollock Kevin and Devorski Paul
Linesman : Jonny Murray and Derek Amell

Game Notes

No Game Note

Finance

Level 1 -- Attendance: 5562 (92,70%) -- Ticket Income 478 332 $
Level 2 -- Attendance: 4560 (91,20%) -- Ticket Income 241 680 $
Level 3 -- Attendance: 1592 (79,60%) -- Ticket Income 52 536 $
Level 4 -- Attendance: 2811 (70,28%) -- Ticket Income 64 653 $
Luxury Box -- Attendance: 874 (87,40%) -- Ticket Income 148 580 $
Game was played at the Duff Garden'
Total Attendance: 15399 (85,55%)
Total Ticket Income: 985 781 $
Other Income: 147 867 $
Total Income: 1 133 648 $

Coyotes

5 vs 5 Forward 
   Center                   Left Wing                Right Wing               Time % Phy DF OF 
 1 Tim Connolly             Tyler Ennis              Marian Gaborik           35     0   1  4  
 2 Nazem Kadri              Drew Miller              Sergei Shirokov          29     1   2  2  
 3 Erik Christensen         Erik Cole                Georges Laraque          25     2   2  1  
 4 Éric Belanger            Jan Hlavac               Jonathan Tremblay        11     1   3  1  

5 vs 5 Defense 
   Defense                  Defense                                           Time % Phy DF OF 
 1 Denis Grebeshkov         Wade Redden                                       40     1   1  3  
 2 Adrian Aucoin            Anton Stralman                                    32     1   3  1  
 3 Brendon Nash             Matt Taormina                                     27     1   2  2  
 4 Anton Stralman           Denis Grebeshkov                                  1      0   4  1  

PowerPlay Forward 
   Center                   Left Wing                Right Wing               Time % Phy DF OF 
 1 Tim Connolly             Drew Miller              Marian Gaborik           60     0   0  5  
 2 Nazem Kadri              Tyler Ennis              Sergei Shirokov          40     0   0  5  

PowerPlay Defense
   Defense                  Defense                                           Time % Phy DF OF 
 1 Wade Redden              Denis Grebeshkov                                  60     0   0  5  
 2 Anton Stralman           Matt Taormina                                     40     0   0  5  

Penalty Kill 4 Players Forward 
   Center                   Wing                     Time % Phy DF OF 
 1 Drew Miller              Erik Cole                60     0   5  0  
 2 Éric Belanger            Jan Hlavac               40     0   5  0  

Penalty Kill 4 Players Defense
   Defense                  Defense                  Time % Phy DF OF 
 1 Denis Grebeshkov         Anton Stralman           60     0   5  0  
 2 Wade Redden              Matt Taormina            40     0   5  0  

Penalty Kill - 3 Players Forward 
   Forward                                           Time % Phy DF OF 
 1 Drew Miller                                       60     0   5  0  
 2 Erik Cole                                         40     0   5  0  

Penalty Kill - 3 Players Defense
   Defense                  Defense                  Time % Phy DF OF 
 1 Brendon Nash             Wade Redden              60     0   5  0  
 2 Denis Grebeshkov         Anton Stralman           40     0   5  0  

4 vs 4 Forward 
   Center                   Wing                     Time % Phy DF OF 
 1 Tim Connolly             Marian Gaborik           56     1   1  3  
 2 Nazem Kadri              Drew Miller              44     1   2  2  

4 vs 4 Defense
   Defense                  Defense                  Time % Phy DF OF 
 1 Matt Taormina            Wade Redden              56     1   3  1  
 2 Denis Grebeshkov         Anton Stralman           44     1   3  1  

Last Minutes Offensive
   Center                   Left Wing                Right Wing               Defense                  Defense                  
   Tim Connolly             Drew Miller              Marian Gaborik           Denis Grebeshkov         Wade Redden              

Last Minutes Defensive
   Center                   Left Wing                Right Wing               Defense                  Defense                  
   Drew Miller              Jan Hlavac               Erik Cole                Matt Taormina            Anton Stralman           

Goaltenders
Starting : Ryan Miller              
Backup : Marc Denis               

Extra Forwards
Normal : Marian Gaborik, Tim Connolly, Sergei Shirokov - PP : Erik Cole, Erik Christensen - PK : Jan Hlavac
Extra Defensemen
Normal : Wade Redden, Denis Grebeshkov, Anton Stralman - PP : Wade Redden - PK : Anton Stralman, Denis Grebeshkov
Penalty Shots
Tyler Ennis, Marian Gaborik, Tim Connolly, Jan Hlavac, Sergei Shirokov

Sabres

5 vs 5 Forward 
   Center                   Left Wing                Right Wing               Time % Phy DF OF 
 1 Greg Campbell            Antoine Roussel          Steve Downie             35     2   2  1  
 2 Adam Mair                Mike Leclerc             Daniel Cleary            25     1   4  0  
 3 Sam Gagner               Ryan Hollweg             Niclas Bergfors          25     1   1  3  
 4 Mike Fisher              Michael Rupp             Jonas Hoglund            15     1   3  1  

5 vs 5 Defense 
   Defense                  Defense                                           Time % Phy DF OF 
 1 Ole-Kristian Tollefsen   Joni Pitkanen                                     40     1   3  1  
 2 Johnny Boychuk           Jay McKee                                         40     1   3  1  
 3 Nathan Paetsch           Tyler Sloan                                       20     1   3  1  
 4 Nathan Paetsch           Tyler Sloan                                       0      0   5  0  

PowerPlay Forward 
   Center                   Left Wing                Right Wing               Time % Phy DF OF 
 1 Sam Gagner               Antoine Roussel          Niclas Bergfors          50     1   1  3  
 2 Greg Campbell            Ryan Hollweg             Steve Downie             50     3   0  2  

PowerPlay Defense
   Defense                  Defense                                           Time % Phy DF OF 
 1 Johnny Boychuk           Joni Pitkanen                                     50     1   2  2  
 2 Ole-Kristian Tollefsen   Jay McKee                                         50     1   2  2  

Penalty Kill 4 Players Forward 
   Center                   Wing                     Time % Phy DF OF 
 1 Greg Campbell            Mike Leclerc             50     1   4  0  
 2 Adam Mair                Daniel Cleary            50     1   4  0  

Penalty Kill 4 Players Defense
   Defense                  Defense                  Time % Phy DF OF 
 1 Ole-Kristian Tollefsen   Joni Pitkanen            50     1   4  0  
 2 Johnny Boychuk           Jay McKee                50     1   4  0  

Penalty Kill - 3 Players Forward 
   Forward                                           Time % Phy DF OF 
 1 Mike Leclerc                                      50     0   5  0  
 2 Daniel Cleary                                     50     0   5  0  

Penalty Kill - 3 Players Defense
   Defense                  Defense                  Time % Phy DF OF 
 1 Ole-Kristian Tollefsen   Joni Pitkanen            50     1   4  0  
 2 Johnny Boychuk           Jay McKee                50     1   4  0  

4 vs 4 Forward 
   Center                   Wing                     Time % Phy DF OF 
 1 Niclas Bergfors          Steve Downie             50     1   3  1  
 2 Michael Rupp             Antoine Roussel          50     1   3  1  

4 vs 4 Defense
   Defense                  Defense                  Time % Phy DF OF 
 1 Ole-Kristian Tollefsen   Joni Pitkanen            50     1   3  1  
 2 Johnny Boychuk           Jay McKee                50     1   3  1  

Last Minutes Offensive
   Center                   Left Wing                Right Wing               Defense                  Defense                  
   Sam Gagner               Antoine Roussel          Niclas Bergfors          Ole-Kristian Tollefsen   Joni Pitkanen            

Last Minutes Defensive
   Center                   Left Wing                Right Wing               Defense                  Defense                  
   Greg Campbell            Mike Leclerc             Daniel Cleary            Ole-Kristian Tollefsen   Joni Pitkanen            

Goaltenders
Starting : Roberto Luongo           
Backup : Jonas Hiller             

Extra Forwards
Normal : Mike Fisher, Jonas Hoglund, Michael Rupp - PP : Jonas Hoglund, Michael Rupp - PK : Steve Downie
Extra Defensemen
Normal : Nathan Paetsch, Tyler Sloan, Johnny Boychuk - PP : Nathan Paetsch - PK : Nathan Paetsch, Tyler Sloan
Penalty Shots
Steve Downie, Niclas Bergfors, Antoine Roussel, Mike Fisher, Greg Campbell

% Time on Ice - Coyotes

Lines # - Real PCT - Wanted PCT - Time Play
Normal Forward
1 - 37% - 35% - 16:35
2 - 26% - 29% - 11:42
3 - 23% - 25% - 10:31
4 - 14% - 11% - 6:07
Normal Defense
1 - 39% - 40% - 17:24
2 - 33% - 32% - 14:57
3 - 25% - 27% - 11:15
4 - 3% - 1% - 1:19
PP Forward
1 - 55% - 60% - 2:11
2 - 45% - 40% - 1:47
PP Defense
1 - 61% - 60% - 2:26
2 - 39% - 40% - 1:32
PK Forward
1 - 71% - 60% - 7:52
2 - 29% - 40% - 3:15
PK Defense
1 - 56% - 60% - 6:11
2 - 44% - 40% - 4:56
PK3 Forward
1 - 0% - 60%
2 - 0% - 40%
PK3 Defense
1 - 0% - 60%
2 - 0% - 40%
44 Forward
1 - 78% - 56% - 3:54
2 - 22% - 44% - 1:06
44 Defense
1 - 59% - 56% - 2:57
2 - 41% - 44% - 2:03
Last Minute Offensive  - 0:00
Last Minute Defensive  - 0:00
Total
Forward - 65:00
Defense - 65:00

% Time on Ice - Sabres

Lines # - Real PCT - Wanted PCT - Time Play
Normal Forward
1 - 32% - 35% - 14:33
2 - 23% - 25% - 10:32
3 - 24% - 25% - 10:55
4 - 20% - 15% - 8:55
Normal Defense
1 - 39% - 40% - 17:29
2 - 38% - 40% - 17:07
3 - 22% - 20% - 9:56
4 - 1% - 0% - 0:23
PP Forward
1 - 50% - 50% - 5:34
2 - 50% - 50% - 5:33
PP Defense
1 - 46% - 50% - 5:09
2 - 54% - 50% - 5:58
PK Forward
1 - 54% - 50% - 2:08
2 - 46% - 50% - 1:50
PK Defense
1 - 44% - 50% - 1:45
2 - 56% - 50% - 2:13
PK3 Forward
1 - 0% - 50%
2 - 0% - 50%
PK3 Defense
1 - 0% - 50%
2 - 0% - 50%
44 Forward
1 - 53% - 50% - 2:38
2 - 47% - 50% - 2:22
44 Defense
1 - 58% - 50% - 2:53
2 - 42% - 50% - 2:07
Last Minute Offensive  - 0:00
Last Minute Defensive  - 0:00
Total
Forward - 65:00
Defense - 65:00

Play by Play

1st period


0:01 of 1st period - Steve Downie wins face-off versus Tim Connolly in neutral zone.
0:25 of 1st period - Adam Mair is hit by Sergei Shirokov and loses puck.
0:34 of 1st period - Slapshot by Johnny Boychuk.
0:34 of 1st period - Shot Blocked by Drew Miller.
0:52 of 1st period - Wrist shot by Niclas Bergfors.
0:52 of 1st period - Shot Misses the Net.
0:56 of 1st period - Snap shot by Niclas Bergfors.
0:56 of 1st period - Stopped by Ryan Miller without a rebound.
0:57 of 1st period - Mike Fisher wins face-off versus Éric Belanger in Coyotes zone.
1:05 of 1st period - Minor Penalty to Éric Belanger for Roughing.
1:06 of 1st period - Sam Gagner wins face-off versus Erik Cole in Coyotes zone.
1:06 of 1st period - Wrist shot by Niclas Bergfors.
1:06 of 1st period - Stopped by Ryan Miller without a rebound.
1:07 of 1st period - Drew Miller wins face-off versus Sam Gagner in Coyotes zone.
1:37 of 1st period - Slapshot by Nazem Kadri.
1:37 of 1st period - Shot Misses the Net.
2:23 of 1st period - Jay McKee is hit by Anton Stralman.
3:05 of 1st period - Penalty to Éric Belanger is over, Éric Belanger is back on ice.
3:15 of 1st period - Daniel Cleary is hit by Tyler Ennis and loses puck.
3:27 of 1st period - Icing by Michael Rupp.
3:28 of 1st period - Jonas Hoglund wins face-off versus Éric Belanger in Sabres zone.
3:28 of 1st period - Jonas Hoglund is hit by Jan Hlavac.
4:01 of 1st period - Snap shot by Nazem Kadri.
4:01 of 1st period - Stopped by Roberto Luongo without a rebound.
4:02 of 1st period - Erik Christensen wins face-off versus Steve Downie in Sabres zone.
4:03 of 1st period - Wrist shot by Erik Cole.
4:03 of 1st period - Stopped by Roberto Luongo with a rebound.
4:05 of 1st period - Snap shot by Erik Christensen.
4:05 of 1st period - Goal by Erik Christensen - Coyotes : 1 - Sabres : 0.
4:06 of 1st period - Tim Connolly wins face-off versus Greg Campbell in neutral zone.
4:35 of 1st period - Icing by Ole-Kristian Tollefsen.
4:36 of 1st period - Erik Christensen wins face-off versus Sam Gagner in Sabres zone.
4:56 of 1st period - Icing by Wade Redden.
4:57 of 1st period - Greg Campbell wins face-off versus Erik Christensen in Coyotes zone.
4:58 of 1st period - Snap shot by Steve Downie.
4:58 of 1st period - Stopped by Ryan Miller without a rebound.
4:59 of 1st period - Greg Campbell wins face-off versus Nazem Kadri in Coyotes zone.
5:35 of 1st period - Snap shot by Ryan Hollweg.
5:35 of 1st period - Shot Misses the Net.
7:09 of 1st period - Ole-Kristian Tollefsen is hit by Erik Christensen and loses puck.
7:38 of 1st period - Wrist shot by Éric Belanger.
7:38 of 1st period - Stopped by Roberto Luongo with a rebound.
7:48 of 1st period - Drew Miller is hit by Adam Mair and loses puck.
7:57 of 1st period - Snap shot by Mike Leclerc.
7:57 of 1st period - Shot Misses the Net.
7:59 of 1st period - Slapshot by Joni Pitkanen.
7:59 of 1st period - Deflect By Adam Mair.
7:59 of 1st period - Shot Misses the Net.
7:59 of 1st period - Puck is out of play.
8:00 of 1st period - Tim Connolly wins face-off versus Sam Gagner in Coyotes zone.
8:23 of 1st period - Tim Connolly is hit by Greg Campbell and loses puck.
8:32 of 1st period - Wrist shot by Antoine Roussel.
8:32 of 1st period - Deflect By Greg Campbell.
8:32 of 1st period - Goal by Greg Campbell - Coyotes : 1 - Sabres : 1.
8:33 of 1st period - Nazem Kadri wins face-off versus Greg Campbell in neutral zone.
8:59 of 1st period - Mike Leclerc is hit by Tim Connolly and loses puck.
10:28 of 1st period - Snap shot by Tim Connolly.
10:28 of 1st period - Stopped by Roberto Luongo with a rebound.
10:49 of 1st period - Minor Penalty to Erik Cole for Hooking.
10:50 of 1st period - Drew Miller wins face-off versus Greg Campbell in Coyotes zone.
12:49 of 1st period - Penalty to Erik Cole is over, Erik Cole is back on ice.
14:08 of 1st period - Ole-Kristian Tollefsen is hit by Erik Christensen.
14:28 of 1st period - Steve Downie is hit by Marian Gaborik and loses puck.
14:43 of 1st period - Erik Christensen is hit by Michael Rupp and loses puck.
15:18 of 1st period - Icing by Sergei Shirokov.
15:19 of 1st period - Tim Connolly wins face-off versus Mike Fisher in Coyotes zone.
15:41 of 1st period - Sergei Shirokov is hit by Steve Downie and loses puck.
15:48 of 1st period - Antoine Roussel is hit by Nazem Kadri and loses puck.
15:59 of 1st period - Éric Belanger is hit by Tyler Sloan and loses puck.
16:28 of 1st period - Slapshot by Anton Stralman.
16:28 of 1st period - Stopped by Roberto Luongo without a rebound.
16:29 of 1st period - Erik Cole wins face-off versus Greg Campbell in Sabres zone.
16:30 of 1st period - Slapshot by Erik Christensen.
16:30 of 1st period - Shot Misses the Net.
16:32 of 1st period - Wrist shot by Georges Laraque.
16:32 of 1st period - Shot Blocked by Steve Downie.
16:42 of 1st period - Snap shot by Erik Cole.
16:42 of 1st period - Shot Misses the Net.
17:00 of 1st period - Wrist shot by Ryan Hollweg.
17:00 of 1st period - Stopped by Ryan Miller with a rebound.
17:04 of 1st period - Wrist shot by Ryan Hollweg.
17:04 of 1st period - Stopped by Ryan Miller without a rebound.
17:05 of 1st period - Greg Campbell wins face-off versus Tim Connolly in Coyotes zone.
17:32 of 1st period - Denis Grebeshkov is hit by Mike Leclerc and loses puck.
17:45 of 1st period - Snap shot by Adam Mair.
17:45 of 1st period - Goal by Adam Mair - Coyotes : 1 - Sabres : 2.
17:46 of 1st period - Greg Campbell wins face-off versus Tim Connolly in neutral zone.
17:49 of 1st period - Wade Redden is hit by Greg Campbell and loses puck.
18:02 of 1st period - Wrist shot by Steve Downie.
18:02 of 1st period - Stopped by Ryan Miller with a rebound.
18:12 of 1st period - Johnny Boychuk is hit by Nazem Kadri and loses puck.
18:32 of 1st period - Icing by Brendon Nash.
18:33 of 1st period - Erik Cole wins face-off versus Adam Mair in Coyotes zone.
19:42 of 1st period - Ole-Kristian Tollefsen is hit by Denis Grebeshkov and loses puck.
Goals for this period are 1 for Coyotes vs 2 for Sabres.
Shots for this period are 6 for Coyotes vs 8 for Sabres.

2nd period


0:01 of 2nd period - Tim Connolly wins face-off versus Greg Campbell in neutral zone.
0:09 of 2nd period - Icing by Johnny Boychuk.
0:10 of 2nd period - Greg Campbell wins face-off versus Tim Connolly in Sabres zone.
0:26 of 2nd period - Off-side.
0:27 of 2nd period - Niclas Bergfors wins face-off versus Nazem Kadri in neutral zone.
0:36 of 2nd period - Snap shot by Ryan Hollweg.
0:36 of 2nd period - Shot Misses the Net.
0:58 of 2nd period - Wrist shot by Tyler Ennis.
0:58 of 2nd period - Shot Misses the Net.
1:00 of 2nd period - Slapshot by Denis Grebeshkov.
1:00 of 2nd period - Deflect By Tyler Ennis.
1:00 of 2nd period - Shot Misses the Net.
1:00 of 2nd period - Puck is out of play.
1:01 of 2nd period - Tim Connolly wins face-off versus Greg Campbell in Sabres zone.
1:18 of 2nd period - Snap shot by Marian Gaborik.
1:18 of 2nd period - Shot Blocked by Greg Campbell.
1:26 of 2nd period - Minor Penalty to Adrian Aucoin for Hooking.
1:27 of 2nd period - Greg Campbell wins face-off versus Drew Miller in Coyotes zone.
1:28 of 2nd period - Wrist shot by Steve Downie.
1:28 of 2nd period - Shot Blocked by Drew Miller.
1:40 of 2nd period - Wrist shot by Drew Miller.
1:40 of 2nd period - Shot Blocked by Jay McKee.
1:52 of 2nd period - Jan Hlavac is hit by Sam Gagner and loses puck.
2:38 of 2nd period - Slapshot by Antoine Roussel.
2:38 of 2nd period - Stopped by Ryan Miller without a rebound.
2:39 of 2nd period - Steve Downie wins face-off versus Drew Miller in Coyotes zone.
2:58 of 2nd period - Denis Grebeshkov is hit by Steve Downie.
3:16 of 2nd period - Wrist shot by Ryan Hollweg.
3:16 of 2nd period - Shot Misses the Net.
3:18 of 2nd period - Snap shot by Steve Downie.
3:18 of 2nd period - Shot Blocked by Jan Hlavac.
3:20 of 2nd period - Wrist shot by Steve Downie.
3:20 of 2nd period - Stopped by Ryan Miller with a rebound.
3:22 of 2nd period - Snap shot by Greg Campbell.
3:22 of 2nd period - Stopped by Ryan Miller without a rebound.
3:23 of 2nd period - Sam Gagner wins face-off versus Drew Miller in Coyotes zone.
3:26 of 2nd period - Penalty to Adrian Aucoin is over, Adrian Aucoin is back on ice.
3:34 of 2nd period - Snap shot by Erik Cole.
3:34 of 2nd period - Deflect By Drew Miller.
3:34 of 2nd period - Stopped by Roberto Luongo without a rebound.
3:35 of 2nd period - Tim Connolly wins face-off versus Adam Mair in Sabres zone.
3:44 of 2nd period - Wade Redden is hit by Adam Mair and loses puck.
4:06 of 2nd period - Icing by Michael Rupp.
4:07 of 2nd period - Mike Fisher wins face-off versus Nazem Kadri in Sabres zone.
4:40 of 2nd period - Drew Miller is hit by Jonas Hoglund and loses puck.
4:47 of 2nd period - Slapshot by Joni Pitkanen.
4:47 of 2nd period - Shot Blocked by Drew Miller.
4:49 of 2nd period - Wrist shot by Jonas Hoglund.
4:49 of 2nd period - Shot Misses the Net.
4:51 of 2nd period - Wrist shot by Jonas Hoglund.
4:51 of 2nd period - Stopped by Ryan Miller without a rebound.
4:52 of 2nd period - Erik Christensen wins face-off versus Greg Campbell in Coyotes zone.
5:05 of 2nd period - Antoine Roussel is hit by Georges Laraque and loses puck.
5:12 of 2nd period - Denis Grebeshkov is hit by Antoine Roussel.
5:47 of 2nd period - Snap shot by Greg Campbell.
5:47 of 2nd period - Deflect By Antoine Roussel.
5:47 of 2nd period - Stopped by Ryan Miller with a rebound.
5:49 of 2nd period - Wrist shot by Antoine Roussel.
5:49 of 2nd period - Shot Misses the Net.
5:51 of 2nd period - Slapshot by Tyler Sloan.
5:51 of 2nd period - Stopped by Ryan Miller without a rebound.
5:52 of 2nd period - Niclas Bergfors wins face-off versus Tim Connolly in Coyotes zone.
5:53 of 2nd period - Snap shot by Ryan Hollweg.
5:53 of 2nd period - Stopped by Ryan Miller with a rebound.
7:20 of 2nd period - Snap shot by Michael Rupp.
7:20 of 2nd period - Shot Misses the Net.
7:22 of 2nd period - Slapshot by Ole-Kristian Tollefsen.
7:22 of 2nd period - Deflect By Mike Fisher.
7:22 of 2nd period - Stopped by Ryan Miller with a rebound.
7:24 of 2nd period - Slapshot by Ole-Kristian Tollefsen.
7:24 of 2nd period - Deflect By Michael Rupp.
7:24 of 2nd period - Shot Misses the Net.
7:24 of 2nd period - Puck is out of play.
7:25 of 2nd period - Tim Connolly wins face-off versus Greg Campbell in Coyotes zone.
7:36 of 2nd period - Snap shot by Steve Downie.
7:36 of 2nd period - Stopped by Ryan Miller with a rebound.
7:38 of 2nd period - Wrist shot by Antoine Roussel.
7:38 of 2nd period - Shot Misses the Net.
7:54 of 2nd period - Adrian Aucoin is hit by Johnny Boychuk and loses puck.
8:15 of 2nd period - Backhand shot by Daniel Cleary.
8:15 of 2nd period - Stopped by Ryan Miller with a rebound.
9:06 of 2nd period - Slapshot by Mike Fisher.
9:06 of 2nd period - Shot Blocked by Denis Grebeshkov.
9:52 of 2nd period - Wrist shot by Steve Downie.
9:52 of 2nd period - Shot Blocked by Anton Stralman.
10:24 of 2nd period - Icing by Matt Taormina.
10:25 of 2nd period - Tim Connolly wins face-off versus Michael Rupp in Coyotes zone.
10:35 of 2nd period - Minor Penalty to Matt Taormina for Hooking.
10:36 of 2nd period - Drew Miller wins face-off versus Niclas Bergfors in Coyotes zone.
11:34 of 2nd period - Wrist shot by Greg Campbell.
11:34 of 2nd period - Stopped by Ryan Miller without a rebound.
11:35 of 2nd period - Greg Campbell wins face-off versus Drew Miller in Coyotes zone.
12:35 of 2nd period - Penalty to Matt Taormina is over, Matt Taormina is back on ice.
12:43 of 2nd period - Daniel Cleary is hit by Marian Gaborik and loses puck.
13:34 of 2nd period - Backhand shot by Marian Gaborik.
13:34 of 2nd period - Goal by Marian Gaborik - Coyotes : 2 - Sabres : 2.
13:35 of 2nd period - Greg Campbell wins face-off versus Tim Connolly in neutral zone.
13:38 of 2nd period - Wrist shot by Steve Downie.
13:38 of 2nd period - Shot Blocked by Matt Taormina.
14:50 of 2nd period - Snap shot by Nazem Kadri.
14:50 of 2nd period - Deflect By Drew Miller.
14:50 of 2nd period - Stopped by Roberto Luongo without a rebound.
14:51 of 2nd period - Steve Downie wins face-off versus Drew Miller in Sabres zone.
14:58 of 2nd period - Snap shot by Joni Pitkanen.
14:58 of 2nd period - Stopped by Ryan Miller with a rebound.
15:41 of 2nd period - Snap shot by Erik Cole.
15:41 of 2nd period - Shot Blocked by Johnny Boychuk.
16:48 of 2nd period - Snap shot by Steve Downie.
16:48 of 2nd period - Stopped by Ryan Miller with a rebound.
16:58 of 2nd period - Denis Grebeshkov is hit by Michael Rupp and loses puck.
17:03 of 2nd period - Snap shot by Mike Fisher.
17:03 of 2nd period - Shot Blocked by Tim Connolly.
17:05 of 2nd period - Wrist shot by Jonas Hoglund.
17:05 of 2nd period - Shot Misses the Net.
17:07 of 2nd period - Slapshot by Jonas Hoglund.
17:07 of 2nd period - Deflect By Mike Fisher.
17:07 of 2nd period - Stopped by Ryan Miller without a rebound.
17:08 of 2nd period - Georges Laraque wins face-off versus Greg Campbell in Coyotes zone.
17:17 of 2nd period - Wrist shot by Erik Christensen.
17:17 of 2nd period - Shot Misses the Net.
17:19 of 2nd period - Slapshot by Anton Stralman.
17:19 of 2nd period - Deflect By Georges Laraque.
17:19 of 2nd period - Goal by Georges Laraque - Coyotes : 3 - Sabres : 2.
17:20 of 2nd period - Tim Connolly wins face-off versus Greg Campbell in neutral zone.
17:20 of 2nd period - Anton Stralman is hit by Antoine Roussel and loses puck.
17:24 of 2nd period - Off-side.
17:25 of 2nd period - Tim Connolly wins face-off versus Greg Campbell in neutral zone.
17:25 of 2nd period - Tim Connolly is hit by Steve Downie.
17:28 of 2nd period - Adrian Aucoin is hit by Greg Campbell and loses puck.
17:47 of 2nd period - Minor Penalty to Greg Campbell for Interference.
17:48 of 2nd period - Steve Downie wins face-off versus Tim Connolly in Sabres zone.
17:59 of 2nd period - Slapshot by Denis Grebeshkov.
17:59 of 2nd period - Stopped by Roberto Luongo without a rebound.
18:00 of 2nd period - Tim Connolly wins face-off versus Adam Mair in Sabres zone.
18:27 of 2nd period - Nazem Kadri is hit by Adam Mair and loses puck.
19:12 of 2nd period - Icing by Nazem Kadri.
19:13 of 2nd period - Adam Mair wins face-off versus Nazem Kadri in Coyotes zone.
19:36 of 2nd period - Tyler Ennis is hit by Jay McKee and loses puck.
19:47 of 2nd period - Penalty to Greg Campbell is over, Greg Campbell is back on ice.
Goals for this period are 2 for Coyotes vs 0 for Sabres.
Shots for this period are 5 for Coyotes vs 14 for Sabres.

3rd period


0:01 of 3rd period - Tim Connolly wins face-off versus Steve Downie in neutral zone.
0:25 of 3rd period - Wade Redden is hit by Ole-Kristian Tollefsen and loses puck.
0:30 of 3rd period - Wrist shot by Daniel Cleary.
0:30 of 3rd period - Goal by Daniel Cleary - Coyotes : 3 - Sabres : 3.
0:31 of 3rd period - Greg Campbell wins face-off versus Nazem Kadri in neutral zone.
0:56 of 3rd period - Niclas Bergfors is hit by Marian Gaborik and loses puck.
1:20 of 3rd period - Snap shot by Marian Gaborik.
1:20 of 3rd period - Stopped by Roberto Luongo without a rebound.
1:21 of 3rd period - Nazem Kadri wins face-off versus Mike Fisher in Sabres zone.
2:30 of 3rd period - Wrist shot by Erik Cole.
2:30 of 3rd period - Stopped by Roberto Luongo with a rebound.
2:32 of 3rd period - Wrist shot by Erik Christensen.
2:32 of 3rd period - Shot Blocked by Mike Leclerc.
2:34 of 3rd period - Wrist shot by Anton Stralman.
2:34 of 3rd period - Stopped by Roberto Luongo with a rebound.
2:36 of 3rd period - Slapshot by Adrian Aucoin.
2:36 of 3rd period - Deflect By Erik Cole.
2:36 of 3rd period - Stopped by Roberto Luongo with a rebound.
2:38 of 3rd period - Wrist shot by Erik Christensen.
2:38 of 3rd period - Goal by Erik Christensen - Coyotes : 4 - Sabres : 3.
2:39 of 3rd period - Antoine Roussel wins face-off versus Tyler Ennis in neutral zone.
3:12 of 3rd period - Wrist shot by Sergei Shirokov.
3:12 of 3rd period - Stopped by Roberto Luongo without a rebound.
3:13 of 3rd period - Greg Campbell wins face-off versus Drew Miller in Sabres zone.
3:13 of 3rd period - Greg Campbell is hit by Sergei Shirokov.
3:39 of 3rd period - Ole-Kristian Tollefsen is hit by Tim Connolly and loses puck.
4:18 of 3rd period - Icing by Jay McKee.
4:19 of 3rd period - Mike Fisher wins face-off versus Éric Belanger in Sabres zone.
4:46 of 3rd period - Wrist shot by Ryan Hollweg.
4:46 of 3rd period - Stopped by Ryan Miller without a rebound.
4:47 of 3rd period - Tim Connolly wins face-off versus Sam Gagner in Coyotes zone.
4:59 of 3rd period - Wrist shot by Brendon Nash.
4:59 of 3rd period - Deflect By Marian Gaborik.
4:59 of 3rd period - Shot Blocked by Joni Pitkanen.
4:59 of 3rd period - Puck is out of play.
5:00 of 3rd period - Greg Campbell wins face-off versus Nazem Kadri in Sabres zone.
5:34 of 3rd period - Slapshot by Adrian Aucoin.
5:34 of 3rd period - Shot Blocked by Sam Gagner.
5:36 of 3rd period - Slapshot by Adrian Aucoin.
5:36 of 3rd period - Shot Blocked by Niclas Bergfors.
5:38 of 3rd period - Wrist shot by Tim Connolly.
5:38 of 3rd period - Stopped by Roberto Luongo without a rebound.
5:39 of 3rd period - Adam Mair wins face-off versus Erik Christensen in Sabres zone.
5:50 of 3rd period - Georges Laraque is hit by Daniel Cleary and loses puck.
6:09 of 3rd period - Wrist shot by Niclas Bergfors.
6:09 of 3rd period - Stopped by Ryan Miller with a rebound.
6:11 of 3rd period - Snap shot by Ole-Kristian Tollefsen.
6:11 of 3rd period - Deflect By Niclas Bergfors.
6:11 of 3rd period - Stopped by Ryan Miller without a rebound.
6:12 of 3rd period - Tim Connolly wins face-off versus Sam Gagner in Coyotes zone.
6:22 of 3rd period - Icing by Ryan Hollweg.
6:23 of 3rd period - Nazem Kadri wins face-off versus Niclas Bergfors in Sabres zone.
7:36 of 3rd period - Snap shot by Mike Fisher.
7:36 of 3rd period - Shot Misses the Net.
7:38 of 3rd period - Slapshot by Ole-Kristian Tollefsen.
7:38 of 3rd period - Shot Blocked by Jonathan Tremblay.
7:40 of 3rd period - Snap shot by Joni Pitkanen.
7:40 of 3rd period - Deflect By Michael Rupp.
7:40 of 3rd period - Stopped by Ryan Miller with a rebound.
7:52 of 3rd period - Minor Penalty to Adrian Aucoin for Interference.
7:53 of 3rd period - Drew Miller wins face-off versus Sam Gagner in Coyotes zone.
8:22 of 3rd period - Slapshot by Joni Pitkanen.
8:22 of 3rd period - Deflect By Anton Stralman.
8:22 of 3rd period - Stopped by Ryan Miller without a rebound.
8:23 of 3rd period - Éric Belanger wins face-off versus Greg Campbell in Coyotes zone.
9:04 of 3rd period - Snap shot by Antoine Roussel.
9:04 of 3rd period - Deflect By Niclas Bergfors.
9:04 of 3rd period - Goal by Niclas Bergfors - Coyotes : 4 - Sabres : 4.
9:05 of 3rd period - Nazem Kadri wins face-off versus Greg Campbell in neutral zone.
9:30 of 3rd period - Denis Grebeshkov is hit by Sam Gagner and loses puck.
9:54 of 3rd period - Adam Mair is hit by Denis Grebeshkov and loses puck.
10:05 of 3rd period - Snap shot by Erik Christensen.
10:05 of 3rd period - Shot Misses the Net.
10:28 of 3rd period - Off-side.
10:29 of 3rd period - Tim Connolly wins face-off versus Greg Campbell in neutral zone.
11:18 of 3rd period - Minor Penalty to Erik Christensen for Holding.
11:19 of 3rd period - Sam Gagner wins face-off versus Drew Miller in Coyotes zone.
11:23 of 3rd period - Snap shot by Niclas Bergfors.
11:23 of 3rd period - Shot Blocked by Anton Stralman.
11:55 of 3rd period - Anton Stralman is hit by Steve Downie and loses puck.
13:18 of 3rd period - Penalty to Erik Christensen is over, Erik Christensen is back on ice.
13:30 of 3rd period - Wrist shot by Erik Christensen.
13:30 of 3rd period - Stopped by Roberto Luongo without a rebound.
13:31 of 3rd period - Adam Mair wins face-off versus Tim Connolly in Sabres zone.
14:09 of 3rd period - Drew Miller is hit by Jonas Hoglund and loses puck.
14:17 of 3rd period - Minor Penalty to Nathan Paetsch for Hooking.
14:18 of 3rd period - Adam Mair wins face-off versus Tim Connolly in Sabres zone.
14:59 of 3rd period - Greg Campbell is hit by Nazem Kadri and loses puck.
16:15 of 3rd period - Joni Pitkanen is hit by Erik Cole and loses puck.
16:17 of 3rd period - Penalty to Nathan Paetsch is over, Nathan Paetsch is back on ice.
16:32 of 3rd period - Snap shot by Mike Fisher.
16:32 of 3rd period - Stopped by Ryan Miller without a rebound.
16:33 of 3rd period - Éric Belanger wins face-off versus Sam Gagner in Coyotes zone.
16:47 of 3rd period - Snap shot by Nathan Paetsch.
16:47 of 3rd period - Deflect By Ryan Hollweg.
16:47 of 3rd period - Stopped by Ryan Miller without a rebound.
16:48 of 3rd period - Erik Christensen wins face-off versus Greg Campbell in Coyotes zone.
17:36 of 3rd period - Wrist shot by Éric Belanger.
17:36 of 3rd period - Shot Misses the Net.
17:38 of 3rd period - Snap shot by Matt Taormina.
17:38 of 3rd period - Stopped by Roberto Luongo with a rebound.
17:40 of 3rd period - Wrist shot by Jonathan Tremblay.
17:40 of 3rd period - Shot Misses the Net.
17:42 of 3rd period - Wrist shot by Jan Hlavac.
17:42 of 3rd period - Stopped by Roberto Luongo with a rebound.
17:44 of 3rd period - Backhand shot by Brendon Nash.
17:44 of 3rd period - Shot Blocked by Jay McKee.
17:46 of 3rd period - Slapshot by Brendon Nash.
17:46 of 3rd period - Shot Blocked by Jonas Hoglund.
17:56 of 3rd period - Jay McKee is hit by Brendon Nash and loses puck.
18:01 of 3rd period - Slapshot by Drew Miller.
18:01 of 3rd period - Stopped by Roberto Luongo without a rebound.
18:02 of 3rd period - Sam Gagner wins face-off versus Erik Christensen in Sabres zone.
18:02 of 3rd period - Sam Gagner is hit by Erik Cole.
19:34 of 3rd period - Snap shot by Mike Fisher.
19:34 of 3rd period - Shot Blocked by Anton Stralman.
19:44 of 3rd period - Icing by Mike Fisher.
19:45 of 3rd period - Mike Fisher wins face-off versus Tim Connolly in Sabres zone.
Goals for this period are 1 for Coyotes vs 2 for Sabres.
Shots for this period are 11 for Coyotes vs 9 for Sabres.

Overtime #1


0:01 of 1st overtime period - Tim Connolly wins face-off versus Niclas Bergfors in neutral zone.
0:16 of 1st overtime period - Snap shot by Marian Gaborik.
0:16 of 1st overtime period - Shot Blocked by Steve Downie.
1:17 of 1st overtime period - Denis Grebeshkov is hit by Steve Downie and loses puck.
1:34 of 1st overtime period - Ole-Kristian Tollefsen is hit by Matt Taormina and loses puck.
2:39 of 1st overtime period - Snap shot by Mike Fisher.
2:39 of 1st overtime period - Shot Misses the Net.
2:43 of 1st overtime period - Snap shot by Jonas Hoglund.
2:43 of 1st overtime period - Shot Misses the Net.
2:45 of 1st overtime period - Snap shot by Jonas Hoglund.
2:45 of 1st overtime period - Shot Blocked by Denis Grebeshkov.
2:47 of 1st overtime period - Slapshot by Nathan Paetsch.
2:47 of 1st overtime period - Deflect By Jonas Hoglund.
2:47 of 1st overtime period - Stopped by Ryan Miller without a rebound.
2:48 of 1st overtime period - Michael Rupp wins face-off versus Tim Connolly in Coyotes zone.
2:57 of 1st overtime period - Michael Rupp is hit by Drew Miller and loses puck.
4:31 of 1st overtime period - Erik Cole is hit by Ole-Kristian Tollefsen and loses puck.
Goals for this period are 0 for Coyotes vs 0 for Sabres.
Shots for this period are 0 for Coyotes vs 1 for Sabres.

ShootOut


5:00 of 1st overtime period - Penalty Shot by Tyler Ennis for Coyotes.
5:00 of 1st overtime period - Wrist shot by Tyler Ennis.
5:00 of 1st overtime period - Stopped by Roberto Luongo.
5:00 of 1st overtime period - Penalty Shot by Steve Downie for Sabres.
5:00 of 1st overtime period - Backhand shot by Steve Downie.
5:00 of 1st overtime period - Stopped by Ryan Miller.
5:00 of 1st overtime period - Penalty Shot by Marian Gaborik for Coyotes.
5:00 of 1st overtime period - Wrist shot by Marian Gaborik.
5:00 of 1st overtime period - Stopped by Roberto Luongo.
5:00 of 1st overtime period - Penalty Shot by Niclas Bergfors for Sabres.
5:00 of 1st overtime period - Deke by Niclas Bergfors.
5:00 of 1st overtime period - Shot Misses the Net.
5:00 of 1st overtime period - Penalty Shot by Tim Connolly for Coyotes.
5:00 of 1st overtime period - Deke by Tim Connolly.
5:00 of 1st overtime period - Goal by Tim Connolly.
5:00 of 1st overtime period - Penalty Shot by Antoine Roussel for Sabres.
5:00 of 1st overtime period - Wrist shot by Antoine Roussel.
5:00 of 1st overtime period - Shot Misses the Net.


Output by the SimonT Hockey Simulator (STHS) for François Prévost -- Original Page W3C XHTML 1.0 Valid
Hockey Simulator - Hockey Simulation - Hockey Manager